 Dungeon Crawl Stone Soup version 0.20.1-1-g8b1a95d66d (webtiles) character file.

20995 4FPSwarrior the Carver (level 12, -18/97 HPs)
             Began as a Minotaur Berserker on Dec 29, 2017.
             Was a High Priest of Trog.
             Demolished by a death yak (20 damage)
             ... on level 2 of the Lair of Beasts on Dec 30, 2017.
             The game lasted 01:13:10 (13310 turns).

4FPSwarrior the Carver (Minotaur Berserker)        Turns: 13310, Time: 01:13:10

Health: -18/97     AC: 16    Str: 33    XL:     12   Next: 50%
Magic:  11/11      EV: 12    Int:  4    God:    Trog [*****.]
Gold:   591        SH:  0    Dex: 15    Spells: 11/11 levels left

rFire    . . .     SeeInvis +   F - +5 great sword "Dragonslayer" {slice, rElec Str+2 Dex+4}
rCold    . . .     Gourm    .   (shield currently unavailable)
rNeg     . . .     Faith    .   K - +3 ring mail
rPois    .         Spirit   .   S - +2 hat {SInv}
rElec    +         Reflect  .   (no cloak)
rCorr    .         Harm     .   b - +1 pair of gloves
MR       .....                  e - +0 pair of boots
Stlth    +.........             (no amulet)
Regen    0.3/turn               (no ring)
MPRegen  0.2/turn               (no ring)

@: mighty, berserk cooldown, slowed, very slow
A: retaliatory headbutt, horns 2
a: Berserk, Trog's Hand, Brothers in Arms, Burn Spellbooks, Renounce Religion


You were on level 2 of the Lair of Beasts.
You worshipped Trog.
Trog was extremely pleased with you.
You were hungry.

You visited 3 branches of the dungeon, and saw 13 of its levels.

You collected 591 gold pieces.

Inventory:

Hand Weapons
 m - the +7 spear of the Coin {freeze, +Inv rPois rC+ rN+}
   (You found it on level 8 of the Dungeon)

   It has been specially enchanted to freeze those struck by it, causing extra
   injury to most foes and up to half again as much damage against particularly
   susceptible opponents.
   It can also slow down cold-blooded creatures.
   It protects you from cold.
   It protects you from poison.
   It protects you from negative energy.
   It lets you turn invisible.
 E - the +3 mace of Dismemberment {crush, rPois Dex+4}
   (You took it off an orc on level 4 of the Dungeon)

   It inflicts extra damage upon your enemies.
   It affects your dexterity (+4).
   It protects you from poison.
 F - the +5 great sword "Dragonslayer" (weapon) {slice, rElec Str+2 Dex+4}
   (You found it on level 5 of the Dungeon)

   It inflicts extra damage upon your enemies.
   It affects your strength (+2).
   It affects your dexterity (+4).
   It insulates you from electricity.
 T - a +1 scimitar of holy wrath
Missiles
 s - 5 silver javelins
 v - 16 tomahawks
 A - an exploding tomahawk
 C - 4 throwing nets
 M - 8 tomahawks of returning
 R - 4 javelins
 V - 2 javelins of returning (quivered)
Armour
 b - a +1 pair of gloves (worn)
 e - a +0 pair of boots (worn)
 K - a +3 ring mail (worn)
 S - a +2 hat of see invisible (worn)
Wands
 L - a wand of lightning (14/15)
 N - a wand of acid (2/15)
 U - a wand of flame (30/48)
Scrolls
 a - a scroll of acquirement {unknown}
 d - a scroll of random uselessness {unknown}
 g - 2 scrolls of teleportation {unknown}
 n - 3 scrolls of remove curse
 q - a scroll of identify
 x - 2 scrolls of enchant weapon
 y - 3 scrolls of immolation {unknown}
 B - 2 scrolls of enchant armour {unknown}
 D - a scroll of amnesia {unknown}
 I - 2 scrolls of fog {unknown}
 O - a scroll of magic mapping {unknown}
 Q - 3 scrolls of recharging
 W - 2 scrolls of blinking {unknown}
 Z - a scroll of fear {unknown}
Potions
 f - a potion of magic
 i - a potion of lignification {unknown}
 l - 5 potions of curing
 p - 2 potions of haste
 r - 3 potions of flight
 u - 2 potions of brilliance
 z - a potion of berserk rage {unknown}
 H - a potion of invisibility {unknown}
 P - a potion of ambrosia {unknown}
Comestibles
 c - 6 bread rations
 j - 6 royal jellies
 o - 6 meat rations
 J - 14 fruits


   Skills:
 + Level 6.6 Fighting
 * Level 14.8 Long Blades
   Level 11.4(11.5) Axes
 - Level 2.5(7.8) Maces & Flails
 + Level 8.8 Throwing
 + Level 11.2 Armour
 - Level 2.1 Dodging


You had 11 spell levels left.
You didn't know any spells.

Dungeon Overview and Level Annotations

Branches:
Dungeon (10/15)            Temple (1/1) D:5            Lair (2/6) D:8
  Swamp (0/4) Lair:2
  Snake: Lair:2-4    Spider: Lair:2-4       Orc: D:9-12

Altars:
Ashenzari
Cheibriados
Dithmenos
Gozag
Nemelex Xobeh
Qazlal
Trog
Vehumet

Shops:
D:9 %

Annotations:
D:10 4 runed doors
Lair:1 exclusion: 3 oklob plants


Innate Abilities, Weirdness & Mutations

You reflexively headbutt those who attack you in melee.
You have a pair of horns on your head.


Message History

Quiver which item? (- for none, * to show all) (? for menu, Esc to quit)
Okay, then.
You feel very mighty all of a sudden.
The death yak gores you but does no damage.
You are too injured to fight recklessly!
You slash the death yak!
You kill the death yak!
Trog accepts your kill. The death yak gores you!!
* * * LOW HITPOINT WARNING * * *
You feel much better. The death yak gores you!
* * * LOW HITPOINT WARNING * * *
As you read the scroll labeled SIECIT JIOSK, it crumbles to dust.
It is a scroll of recharging.
Charge which item? (? for menu, Esc to quit)
Your wand of lightning (?/15) {zapped: 3} glows for a moment.
The death yak gores you!
* * * LOW HITPOINT WARNING * * *
The death yak gores you!!
You die...

......§...####...##.#..##
.........># #...####...#
...§§.....####..###.#..#
...§§§.................##
..≈§§≈§(...............P#
..≈§§§†...#.#P.........##
..§≈§§≈..§.###.........##
...§≈≈...Y####.........P#
........lYY@##.........##
.........Y####.........#
..........###..........##
...........#.#..........#
..........###...........#
..........# #..........##
..........# ##.........##
?....Y...# #..........#
#.........##


You could see 4 death yaks and a komodo dragon.

Vanquished Creatures
  A hydra (D:8)
  A centaur warrior (D:10)
  2 two-headed ogres (D:10)
  3 death yaks (Lair:2)
  Pikel (D:8)
  4 elephants (Lair:1)
  A black mamba (Lair:1)
  Maurice (D:8)
  A torpor snail (Lair:2)
  2 spiny frogs (Lair:1)
  A komodo dragon (Lair:1)
  A troll (D:8)
  2 hornets (D:9)
  2 dream sheep (D:8)
  3 blink frogs (Lair:1)
  3 hippogriffs
  16 yaks
  A hungry ghost (D:9)
  3 water moccasins (Lair:1)
  3 phantoms
  3 porcupines
  2 ice beasts
  2 orc warriors
  2 sky beasts
  A black bear (D:7)
  A centaur (D:7)
  2 necrophages
  6 ogres
  9 wolves
  3 crocodiles (Lair:1)
  4 big kobolds
  14 bullfrogs
  A scorpion (D:5)
  6 killer bees
  8 wights
  6 electric eels
  5 crimson imps
  A bullfrog zombie (D:9)
  A bullfrog skeleton (D:5)
  3 jellies
  2 centaur skeletons
  A gnoll shaman (D:8)
  9 orc priests
  4 hounds
  17 orc wizards
  3 iguanas
  Natasha (thrice) (D:3)
  Terence (D:2)
  9 worker ants
  A killer bee zombie (D:8)
  A hound zombie (D:6)
  2 hound skeletons
  A howler monkey zombie (D:5)
  A worker ant zombie (D:8)
  A howler monkey skeleton (D:4)
  8 adders
  12 gnolls
  3 shadow imps
  2 oozes
  An adder skeleton (D:8)
  4 worms
  4 dart slugs
  5 leopard geckos
  55 orcs
  3 ball pythons
  6 bats
  4 giant cockroaches
  6 goblins
  8 hobgoblins
  16 jackals
  9 kobolds
  6 quokkas
  5 frilled lizards
  2 giant cockroach zombies
  A jackal skeleton (D:7)
  A jackal zombie (D:6)
  A quokka skeleton (D:6)
  A quokka zombie (D:7)
  10 rats
361 creatures vanquished.

Vanquished Creatures (collateral kills)
  Gastronok (D:8)
  A fungus (Lair:1)
2 creatures vanquished.

Vanquished Creatures (others)
  4 slaves (D:8)
  An electric eel (D:8)
  A hound (D:8)
  A fungus (Lair:1)
  4 plants (Lair:1)
11 creatures vanquished.

Grand Total: 374 creatures vanquished

Notes
Turn   | Place    | Note
-------+----------+-------------------------------------------
     0 | D:1      | 4FPSwarrior the Minotaur Berserker began the quest for the Orb.
     0 | D:1      | Reached XP level 1. HP: 19/19 MP: 0/0
   263 | D:1      | Reached XP level 2. HP: 22/26 MP: 1/1
   508 | D:1      | Reached skill level 5 in Axes
   508 | D:1      | Reached XP level 3. HP: 23/31 MP: 2/2
   947 | D:2      | Reached ** piety under Trog
  1548 | D:2      | Noticed Terence
  1552 | D:2      | Killed Terence
  1552 | D:2      | Reached XP level 4. HP: 39/39 MP: 3/3
  1703 | D:2      | Found a faded altar of an unknown god.
  2068 | D:3      | Reached XP level 5. HP: 20/45 MP: 4/4
  2449 | D:3      | Noticed Natasha
  2454 | D:3      | Killed Natasha
  2612 | D:3      | Found a snail-covered altar of Cheibriados.
  2794 | D:3      | Found a shadowy altar of Dithmenos.
  2878 | D:3      | Noticed Natasha
  2886 | D:3      | Killed Natasha
  2886 | D:3      | Reached *** piety under Trog
  3264 | D:3      | Noticed Natasha
  3269 | D:3      | Killed Natasha
  3269 | D:3      | Reached XP level 6. HP: 51/51 MP: 5/5
  3826 | D:4      | Reached skill level 10 in Axes
  3826 | D:4      | Reached XP level 7. HP: 38/57 MP: 6/6
  4553 | D:4      | Found a shadowy altar of Dithmenos.
  4784 | D:4      | Got a jewelled mace {crush}
  4787 | D:4      | Identified the cursed +3 mace of Dismemberment {crush, rPois Dex+4} (You took it off an orc on level 4 of the Dungeon)
  4876 | D:5      | Entered Level 5 of the Dungeon
  4888 | D:5      | Got a translucent great sword
  4904 | D:5      | Identified the +5 great sword "Dragonslayer" {slice, rElec Str+2 Dex+4} (You found it on level 5 of the Dungeon)
  4965 | D:5      | Found a staircase to the Ecumenical Temple.
  4976 | Temple   | Entered the Ecumenical Temple
  4993 | D:5      | Reached skill level 1 in Long Blades
  5021 | D:5      | Reached skill level 2 in Long Blades
  5021 | D:5      | Reached skill level 1 in Maces & Flails
  5059 | D:5      | Found a stormy altar of Qazlal.
  5162 | D:5      | Reached skill level 3 in Long Blades
  5162 | D:5      | Reached XP level 8. HP: 64/64 MP: 7/7
  5200 | D:5      | Found an opulent altar of Gozag.
  5386 | D:5      | Reached skill level 4 in Long Blades
  5539 | D:6      | Reached **** piety under Trog
  5742 | D:6      | Reached skill level 5 in Long Blades
  5742 | D:6      | Reached skill level 1 in Throwing
  5988 | D:6      | Reached skill level 6 in Long Blades
  6270 | D:6      | Found a shattered altar of Ashenzari.
  6442 | D:6      | Found a bloodstained altar of Trog.
  6597 | D:7      | Reached skill level 7 in Long Blades
  6614 | D:7      | Reached XP level 9. HP: 57/70 MP: 8/8
  6739 | D:7      | Found a radiant altar of Vehumet.
  6739 | D:7      | Found a snail-covered altar of Cheibriados.
  7036 | D:7      | Reached skill level 5 in Armour
  7715 | D:8      | Reached skill level 8 in Long Blades
  7899 | D:8      | Noticed Maurice
  7906 | D:8      | Killed Maurice
  7906 | D:8      | Reached skill level 9 in Long Blades
  7971 | D:8      | Got a faintly glowing spear
  8038 | D:8      | Reached ***** piety under Trog
  8048 | D:8      | Noticed Pikel
  8049 | D:8      | Noticed a troll
  8057 | D:8      | Killed Pikel
  8068 | D:8      | Found a staircase to the Lair.
  8083 | D:8      | Killed a troll
  8083 | D:8      | Reached skill level 10 in Long Blades
  8083 | D:8      | Reached skill level 5 in Throwing
  8083 | D:8      | Reached XP level 10. HP: 61/77 MP: 9/9
  8158 | D:8      | Received a gift from Trog
  8161 | D:8      | Noticed Gastronok
  8559 | D:8      | Killed Gastronok
  8559 | D:8      | Reached skill level 11 in Long Blades
  8627 | D:8      | Reached skill level 12 in Long Blades
  8747 | D:8      | Noticed a three-headed hydra
  8751 | D:8      | Killed a three-headed hydra
  8751 | D:8      | Reached XP level 11. HP: 82/82 MP: 10/10
  9161 | D:8      | Identified the +7 spear of the Coin {freeze, +Inv rPois rC+ rN+} (You found it on level 8 of the Dungeon)
  9273 | D:9      | Found Zeufuj's Food Shoppe.
  9650 | D:9      | Paralysed by a hornet for 1 turns
  9931 | D:9      | Received a gift from Trog
 10304 | D:10     | Entered Level 10 of the Dungeon
 10753 | D:10     | Noticed a two-headed ogre
 10763 | D:10     | Killed a two-headed ogre
 10818 | D:10     | Found a huge runed gate.
 10818 | D:10     | Found a huge runed gate.
 10818 | D:10     | Found a huge runed gate.
 10818 | D:10     | Found a huge runed gate.
 10818 | D:10     | Noticed a death yak
 10877 | D:10     | Noticed a centaur warrior
 10882 | D:10     | Reached skill level 13 in Long Blades
 10888 | D:10     | Killed a centaur warrior
 10945 | D:10     | Received a gift from Trog
 10980 | D:10     | Noticed a two-headed ogre
 10984 | D:10     | Killed a two-headed ogre
 10984 | D:10     | Reached skill level 10 in Armour
 11245 | Lair:1   | Entered Level 1 of the Lair of Beasts
 11998 | Lair:1   | Reached skill level 5 in Fighting
 12016 | Lair:1   | Reached XP level 12. HP: 88/94 MP: 11/11
 12031 | Lair:1   | Reached skill level 14 in Long Blades
 12528 | Lair:1   | Received a gift from Trog
 13062 | Lair:2   | Noticed a death yak
 13065 | Lair:2   | Noticed a death yak
 13069 | Lair:2   | Killed a death yak
 13078 | Lair:2   | Killed a death yak
 13188 | Lair:2   | Found a staircase to the Swamp.
 13288 | Lair:2   | Received a gift from Trog
 13296 | Lair:2   | Noticed a death yak
 13297 | Lair:2   | Noticed a death yak
 13299 | Lair:2   | Noticed a death yak
 13300 | Lair:2   | Noticed a death yak
 13301 | Lair:2   | Noticed a death yak
 13308 | Lair:2   | Killed a death yak
 13310 | Lair:2   | HP: 2/97 [death yak (17)]
 13310 | Lair:2   | Demolished by a death yak

Skill      XL: |  1  2  3  4  5  6  7  8  9 10 11 12 |
---------------+-------------------------------------+-----
Axes           | 4 5 6 8 10 11 | 11.4
Long Blades    | 3 7 10 12 13 14 | 14.8
Maces & Flails | 1 2 |  2.5
Throwing       | 3 5 6 8 |  8.8
Armour         | 4 7 9 10 11 | 11.2
Fighting       | 5 6 |  6.6
Dodging        | |  2.1

Action                   |  1- 3 |  4- 6 |  7- 9 | 10-12 || total
-------------------------+-------+-------+-------+-------++-------
Melee: Hand axe          |    67 |    69 |       |       ||   136
       Headbutt          |    10 |    21 |    33 |    91 ||   155
       War axe           |       |    16 |    47 |       ||    63
       Mace              |       |    67 |       |    39 ||   106
       Great sword       |       |       |   127 |   259 ||   386
       Spear             |       |       |       |    14 ||    14
Throw: Javelin           |     1 |     4 |    19 |    25 ||    49
       Tomahawk          |       |       |     2 |    19 ||    21
Invok: Berserk           |     4 |     7 |    16 |    18 ||    45
       Trog's Hand       |       |     3 |     5 |     3 ||    11
       Brothers in Arms  |       |       |       |     2 ||     2
       Burn Spellbooks   |       |       |       |     1 ||     1
  Use: Potion            |       |     2 |       |     4 ||     6
       Scroll            |       |       |     7 |     8 ||    15
  Eat: Chunk             |     4 |    17 |    29 |    31 ||    81
       Fruit             |       |       |       |     2 ||     2
       Bread ration      |       |       |       |     1 ||     1
Armor: Scale mail        |    15 |    75 |    73 |       ||   163
       Ring mail         |     1 |       |     8 |   142 ||   151
Dodge: Dodged            |    33 |    80 |    91 |   165 ||   369
Block: Buckler           |     5 |    16 |     6 |       ||    27
       Rpst.: Great sword |       |       |    23 |    36 ||    59
